 Dungeon Crawl Stone Soup version 0.28.0-56-g4927b6849a (webtiles) character file.

Game seed: 6079109451409594806

14406 hikkokomori the Fighter (level 12, -7/100 HPs)
             Began as a Merfolk Fighter on Feb 11, 2023.
             Was an Initiate of Gozag.
             Mangled by a very large slime creature (41 damage)
             ... on level 8 of the Dungeon.
             The game lasted 00:34:23 (15376 turns).

hikkokomori the Fighter (Merfolk Fighter)          Turns: 15376, Time: 00:34:23

Health: -7/100     AC: 11    Str: 21    XL:     12   Next: 16%
Magic:  12/12      EV: 17    Int:  8    God:    Gozag
Gold:   1809       SH:  6    Dex: 19    Spells: 5/11 levels left

rFire   . . .      SeeInvis .   a - +0 trident
rCold   . . .      Faith    .   c - +0 buckler
rNeg    . . .      Spirit   .   C - +2 ring mail {rPois}
rPois   +          Reflect  .   s - +0 helmet
rElec   .          Harm     .   P - scarf {repulsion}
rCorr   .          Rampage  .   x - +0 pair of gloves
Will    .....                   h - +0 pair of boots
Stlth   +++.......              G - amulet of the acrobat
HPRegen 0.26/turn               g - +4 ring of slaying
MPRegen 0.13/turn               q - +6 ring of dexterity

@: repel missiles
A: (nimble swimmer 2), mertail
a: Renounce Religion, Potion Petition, Call Merchant, Bribe Branch


You were on level 8 of the Dungeon.
You worshipped Gozag.
Gozag was most pleased with you.
You visited 2 branches of the dungeon, and saw 12 of its levels.
You also visited: Ossuary.

You collected 1965 gold pieces.
You spent 42 gold pieces at shops.
You paid 114 gold pieces to Gozag.

Inventory:

Hand Weapons
 a - a +0 trident (weapon)
 u - a +4 long sword
 L - a +4 hand axe
 S - a +0 hand crossbow of venom
Missiles
 n - 21 bolts
 J - 11 silver javelins
 K - 33 poisoned darts (quivered)
 T - 2 curare-tipped darts
 X - 3 atropa-tipped darts
Armour
 b - a +0 scale mail
 c - a +0 buckler (worn)
 d - a +0 plate armour
 h - a +0 pair of boots (worn)
 i - a +0 ring mail
 r - a +1 scale mail of fire resistance
 s - a +0 helmet (worn)
 x - a +0 pair of gloves (worn)
 C - a +2 ring mail of poison resistance (worn)
 P - a scarf of repulsion (worn)
 U - a +0 kite shield
Jewellery
 g - a +4 ring of slaying (left hand)
 p - an amulet of reflection
 q - a +6 ring of dexterity (right hand)
 G - an amulet of the acrobat (around neck)
Wands
 t - a wand of iceblast (1)
 y - a wand of acid (6)
 H - a wand of polymorph (3)
 O - a wand of flame (11)
Scrolls
 f - a scroll of torment {unknown}
 v - 2 scrolls of silence
 z - 4 scrolls of fog
 D - a scroll of fear
 E - a scroll of identify
 F - a scroll of vulnerability {unknown}
 M - 3 scrolls of amnesia
 N - a scroll of enchant armour
 Q - a scroll of summoning {unknown}
 R - a scroll of blinking
 V - a scroll of magic mapping {unknown}
Potions
 e - 4 potions of mutation
 j - 3 potions of curing
 k - 3 potions of berserk rage
 l - 2 potions of ambrosia
 m - 3 potions of brilliance
 w - 3 potions of flight
 A - a potion of haste
 B - 2 potions of resistance
 I - 2 potions of might
Miscellaneous
 W - a lightning rod (inert)


   Skills:
 + Level 11.0 Fighting
 + Level 10.7 Polearms
 * Level 2.0 Crossbows
 - Level 6.2 Throwing
 - Level 4.0 Armour
 - Level 9.9 Dodging
 - Level 6.0 Stealth
 - Level 6.9 Shields
 - Level 6.5 Evocations


You had 5 spell levels left.
You knew the following spells:

 Your Spells              Type           Power      Damage    Failure   Level
a - Stone Arrow           Conj/Erth      0%         3d7       95%         3
b - Tukima's Dance        Hex            0%         N/A       95%         3

Your spell library contained the following spells:

 Spells                   Type           Power      Damage    Failure   Level
 Sandblast                Erth           0%         2d4       65%         1
 Passwall                 Tmut/Erth      0%         N/A       80%         2
 Ignite Poison            Fire/Tmut/Pois 0%         N/A       95%         3
 Portal Projectile        Hex/Tloc       0%         N/A       95%         3
 Anguish                  Hex/Necr       0%         N/A       100%        4
 Blade Hands              Tmut           0%         N/A       100%        5
 Excruciating Wounds      Necr           0%         N/A       100%        5
 Summon Forest            Summ/Tloc      0%         N/A       100%        5
 Eringya's Noxious Bog    Tmut/Pois      0%         N/A       100%        6
 Starburst                Conj/Fire      0%         6d3       100%        6
 Enfeeble                 Hex            0%         N/A       100%        7
 Summon Hydra             Summ           0%         N/A       100%        7


Dungeon Overview and Level Annotations

Branches:
Dungeon (11/15)            Temple (1/1) D:4            Lair (0/6) D:11
    Orc (0/2) D:10        Ossuary (visited)

Altars:
Ashenzari
Cheibriados
Dithmenos
Elyvilon
Fedhas
Gozag
Hepliaklqana
Kikubaaqudgha
Makhleb
Nemelex Xobeh
Okawaru
Qazlal
Ru
Sif Muna
Trog
Uskayaw
Vehumet
Wu Jian
Xom
Yredelemnul
Zin
The Shining One

Shops:
D:6 ?   D:8 (

Annotations:
D:8 3 runed translucent doors, Jingleheimer's ghost, novice BaHu


Innate Abilities, Weirdness & Mutations

((You are very nimble when in or above water. (Stealth+, EV+, Speed+++)))
Your lower body shifts to a powerful aquatic tail in water.


Message History

Two slime creatures merge to form a large slime creature. x2
You puncture the large slime creature!
The large slime creature is lightly wounded.
A large slime creature splits.
You puncture the slime creature!
The slime creature is moderately wounded.
The slime creature misses you.
You puncture the slime creature!
The slime creature is moderately wounded.
The slime creature hits you. You block the slime creature's attack.
You hit the slime creature.
The slime creature is moderately wounded.
The slime creature closely misses you.
Two slime creatures merge to form a very large slime creature.
You hit the slime creature.
The slime creature is moderately wounded.
You block the slime creature's attack.
You puncture the slime creature!
The slime creature is heavily wounded.
The slime creature closely misses you.
You barely miss the slime creature.
The slime creature is heavily wounded.
The very large slime creature hits you.
You puncture the slime creature!
The slime creature is severely wounded.
The slime creature hits you.
The very large slime creature hits you but does no damage.
You puncture the slime creature!
The slime creature is almost dead.
The slime creature hits you.
The very large slime creature hits you!!!
Ouch! That really hurt!
You hit the slime creature.
The slime creature is almost dead.
The slime creature hits you!
You completely miss the slime creature.
The slime creature is almost dead.
The very large slime creature hits you!!!
You die...
Your body crumbles into a pile of gold.

## ### .# #.#.# .# #../#
.# #.#.# .####### ###
#.#.# .......###.###.#.#
.............#.#.#
.#####.###.###.#@#######
................JJ....>#
.#.#.#.....#.#.##.######
.#.#.##..#.#.#.##.#
##.#.##......#.##.#
#.#.###.......##.# #.#.#
#.########.####### #.#.#
#..#.............. #.#.#
#.(#.#####.#######


You could see a very large slime creature and a slime creature.

Vanquished Creatures
  A hydra (D:11)
  2 two-headed ogres
  An ugly thing (D:11)
  2 gargoyles
  2 kobold demonologists (D:11)
  2 unseen horrors
  2 hornets
  2 trolls (D:10)
  Sigmund (D:4)
  2 shadows (D:11)
  A wyvern (D:9)
  4 wraiths
  A vampire (D:11)
  6 yaks
  2 steam dragons
  3 vampire mosquitoes
  A warg (D:10)
  An acid dragon (D:8)
  8 water moccasins
  Duvessa (D:6)
  2 black bears
  An ice beast (D:7)
  A sky beast (D:7)
  3 orc warriors
  5 ogres
  17 centaurs
  A lemure (D:6)
  A phantom (D:7)
  4 kobold brigands
  2 gnoll sergeants
  6 bullfrogs
  3 scorpions
  A wyvern skeleton (D:6)
  Dowan (D:6)
  18 killer bees
  3 wights (Ossuary)
  4 howler monkeys (D:10)
  4 hounds
  5 orc priests
  A centaur skeleton (D:7)
  3 jellies
  8 iguanas
  4 orc wizards
  Ijyb (D:3)
  A killer bee zombie (D:7)
  A howler monkey zombie (D:10)
  12 gnolls
  3 howler monkey skeletons
  11 adders
  2 white imps
  2 adder zombies (Ossuary)
  An adder skeleton (D:4)
  A worm (D:2)
  2 dart slugs
  20 orcs
  3 ball pythons
  11 endoplasms
  3 giant cockroaches
  6 hobgoblins
  16 kobolds
  A ball python skeleton (Ossuary)
  3 bats
  A frilled lizard (D:1)
  8 goblins
  2 goblin zombies (D:5)
  A hobgoblin skeleton (Ossuary)
  3 hobgoblin zombies (Ossuary)
  An orc skeleton (Ossuary)
  An orc zombie (Ossuary)
  2 rats (D:2)
262 creatures vanquished.

Vanquished Creatures (collateral kills)
  2 orcs (D:10)
  An endoplasm (D:3)
  A goblin (D:10)
4 creatures vanquished.

Vanquished Creatures (others)
  An orc warrior (D:10)
  14 fungi (D:11)
  14 plants (D:11)
29 creatures vanquished.

Grand Total: 295 creatures vanquished

Notes
Turn   | Place    | Note
-------+----------+-------------------------------------------
     0 | D:1      | hikkokomori the Merfolk Fighter began the quest for the
                  | Orb.
     0 | D:1      | Reached XP level 1. HP: 18/18 MP: 1/1
   149 | D:1      | Reached XP level 2. HP: 24/24 MP: 2/2
   706 | D:1      | Reached XP level 3. HP: 10/30 MP: 3/3
   906 | D:2      | Reached skill level 4 in Fighting
   952 | D:2      | Reached XP level 4. HP: 37/37 MP: 4/4
  1726 | D:3      | Found a shadowy altar of Dithmenos.
  1802 | D:3      | Reached XP level 5. HP: 41/43 MP: 5/5
  1817 | D:3      | Noticed Ijyb
  1859 | D:3      | Killed Ijyb
  1860 | D:3      | Reached skill level 5 in Polearms
  2454 | D:4      | Noticed a black bear
  2455 | D:4      | Reached XP level 6. HP: 48/50 MP: 6/6
  2464 | D:4      | Killed a black bear
  2465 | D:4      | Reached skill level 5 in Fighting
  2575 | D:4      | Reached skill level 1 in Evocations
  2681 | D:4      | Found a staircase to the Ecumenical Temple.
  2907 | D:4      | Reached XP level 7. HP: 25/56 MP: 7/7
  3077 | D:4      | Found a shimmering altar of Xom.
  3129 | D:4      | Reached skill level 5 in Shields
  3260 | D:4      | Noticed Sigmund
  3281 | D:4      | Killed Sigmund
  3692 | D:5      | Entered Level 5 of the Dungeon
  3707 | D:5      | Reached skill level 6 in Fighting
  3714 | D:5      | Reached XP level 8. HP: 55/64 MP: 8/8
  3816 | D:5      | Found a sand-covered staircase.
  3897 | Ossuary  | Entered an ossuary
  4108 | Ossuary  | Noticed a wraith
  4108 | Ossuary  | Noticed a flying skull
  4115 | Ossuary  | Noticed a flying skull
  4117 | Ossuary  | Noticed a flying skull
  4121 | Ossuary  | Noticed a flying skull
  4141 | Ossuary  | Noticed a flying skull
  4262 | Ossuary  | Noticed a wraith
  4273 | Ossuary  | Killed a wraith
  4507 | Ossuary  | Noticed a wraith
  4522 | Ossuary  | Killed a wraith
  4523 | Ossuary  | Reached skill level 7 in Fighting
  4523 | Ossuary  | Reached skill level 1 in Dodging
  4922 | D:5      | Found a shimmering blue altar of Sif Muna.
  4942 | D:5      | Reached XP level 9. HP: 32/72 MP: 9/9
  5198 | D:5      | Found a hide-covered altar of Uskayaw.
  5641 | D:6      | Noticed Duvessa
  5642 | D:6      | Noticed Dowan
  5650 | D:6      | Killed Duvessa
  5660 | D:6      | Killed Dowan
  6086 | Temple   | Entered the Ecumenical Temple
  6219 | Temple   | Became a worshipper of Gozag Ym Sagoz the Greedy
  6475 | D:6      | Found Caybus's Magic Scroll Boutique.
  6745 | D:6      | Noticed Grinder
  6746 | D:6      | Noticed Grinder
  6746 | D:6      | Grinder changed into Grinder the lemure
  6756 | D:6      | Killed Grinder the lemure
  7290 | D:7      | Reached skill level 1 in Stealth
  7299 | D:7      | Noticed a hornet
  7526 | D:6      | Learned a level 3 spell: Stone Arrow
  7530 | D:6      | Learned a level 3 spell: Tukima's Dance
  7554 | D:8      | Noticed a two-headed ogre
  7875 | D:8      | Found a runed translucent gate.
  7876 | D:8      | Found a runed translucent gate.
  7893 | D:8      | Reached skill level 8 in Fighting
  7893 | D:8      | Reached skill level 10 in Polearms
  8012 | D:8      | Found an ancient bone altar of Kikubaaqudgha.
  8073 | D:8      | Reached XP level 10. HP: 71/80 MP: 10/10
  8142 | D:8      | Reached skill level 5 in Dodging
  8368 | D:8      | Got the Papyrus of the Shifting Arsonist
  8423 | D:8      | Found a radiant altar of Vehumet.
  8530 | D:8      | Killed an unseen horror
  8854 | D:8      | Found a runed translucent gate.
  8854 | D:8      | Noticed Jingleheimer's ghost (novice BaHu)
  8893 | D:8      | Found Ziehiokk's Weapon Boutique.
  8896 | D:8      | Bought a +0 hand crossbow for 42 gold pieces
  9171 | D:9      | Reached skill level 1 in Throwing
  9177 | D:9      | Reached skill level 5 in Evocations
  9544 | D:9      | Found a white marble altar of Elyvilon.
  9545 | D:9      | Found a bloodstained altar of Trog.
  9624 | D:9      | Noticed a two-headed ogre
  9636 | D:9      | Killed a two-headed ogre
  9710 | D:9      | Reached skill level 9 in Fighting
  9971 | D:9      | Found an iron altar of Okawaru.
 10157 | D:9      | Found a broken altar of Ashenzari.
 10495 | D:9      | Found a glowing silver altar of Zin.
 10541 | D:9      | Found a snail-covered altar of Cheibriados.
 10541 | D:9      | Found a hazy altar of Hepliaklqana.
 10578 | D:9      | Reached skill level 5 in Stealth
 10816 | D:10     | Entered Level 10 of the Dungeon
 10872 | D:10     | Noticed a two-headed ogre
 10881 | D:10     | Killed a two-headed ogre
 10882 | D:10     | Reached XP level 11. HP: 89/89 MP: 11/11
 11280 | D:10     | Found a staircase to the Orcish Mines.
 12496 | D:11     | Noticed a four-headed hydra
 12753 | D:11     | Killed a four-headed hydra
 12860 | D:11     | Found a staircase to the Lair.
 12890 | D:11     | Reached skill level 10 in Fighting
 12898 | D:11     | Reached skill level 5 in Throwing
 13953 | D:11     | Noticed a brown ugly thing
 13959 | D:11     | Killed a brown ugly thing
 13960 | D:11     | Reached XP level 12. HP: 69/99 MP: 12/12
 14412 | D:7      | Reached skill level 1 in Crossbows
 15194 | D:7      | Reached skill level 11 in Fighting
 15376 | D:8      | Mangled by a very large slime creature

Illustrated notes

Levels and vault maps discovered:
D:1:      evilmike_arrival_plus, layout_basic
D:2:      layout_rooms, minmay_pentomino_o4
D:3:      layout_basic, nicolae_dithmenos_the_darkroom, uniq_ijyb
D:4:      layout_basic, mainiacjoe_overflow_paths,
          minmay_temple_entry_butterflies, uniq_sigmund
D:5:      layout_rooms, nicolae_sif_muna_condensation,
          mainiacjoe_overflow_24_doors, enter_ossuary_4,
          guppyfry_early_lair_pool
D:6:      layout_loops_ring, nicolae_stop_n_shop_2,
          hangedman_abyss_or_decor_slice, st_stairs_13, uniq_grinder,
          uniq_duvessa
D:7:      layout_loops_ring, grunt_tough_drop
D:8:      layout_basic, kiku_gazebo_garden_becter, vehumet_altar_wand_db,
          gammafunk_ghost_split, serial_shops, shop
D:9:      nicolae_whirlpool, layout_basic, lemuel_doored_altar,
          ashenzari_altar_1, mainiacjoe_overflow_alcove_4, jmf_multi_god_temple,
          gammafunk_temple_overflow_statue
D:10:     layout_roguey, erik_orc_4
D:11:     layout_roguey, due_lair_maze_entry_diamond
Temple:   nicolae_temple_figure_zero

Skill      XL: |  1  2  3  4  5  6  7  8  9 10 11 12 |
---------------+-------------------------------------+-----
Polearms       | 4 5 6 7 8 10 | 10.7
Fighting       | 4 5 6 7 8 9 10 11 | 11.0
Shields        | 4 5 6 |  6.9
Evocations     | 1 3 4 6 |  6.5
Dodging        | 2 4 7 9 |  9.9
Armour         | 3 4 |  4.0
Stealth        | 2 5 6 |  6.0
Throwing       | 3 6 |  6.2
Crossbows      | 2 |  2.0

Action                   |  1- 3 |  4- 6 |  7- 9 | 10-12 || total
-------------------------+-------+-------+-------+-------++-------
Melee: Trident           |    33 |   154 |   342 |   551 ||  1080
       Tailslap          |       |       |     1 |       ||     1
Throw: Javelin           |       |       |       |     9 ||     9
       Dart              |       |       |       |     7 ||     7
Evoke: Wand              |       |     2 |     6 |    17 ||    25
       Lightning rod     |       |       |       |     6 ||     6
  Use: Potion            |       |       |     2 |     2 ||     4
       Scroll            |       |       |    12 |    10 ||    22
 Stab: Sleeping          |       |       |     1 |     5 ||     6
       Distracted        |       |       |       |     8 ||     8
Armor: Scale mail        |     9 |    41 |    35 |       ||    85
       Ring mail         |       |       |    73 |   140 ||   213
Dodge: Dodged            |    11 |    44 |   134 |   362 ||   551
       Repelled          |       |       |       |     5 ||     5
Block: Buckler           |     5 |    30 |    84 |   136 ||   255
